 Dungeon Crawl Stone Soup version 0.30.1-11-g7821555f0a (webtiles) character file.

Game seed: 107213302405846978

348 lonewolfV2 the Chopper (level 6, -3/51 HPs)
             Began as a Formicid Fighter on Dec 1, 2023.
             Slain by an ogre
             ... wielding a +0 giant spiked club
              (17 damage)
             ... on level 5 of the Dungeon.
             The game lasted 00:05:05 (2562 turns).

lonewolfV2 the Chopper (Formicid Fighter)           Turns: 2562, Time: 00:05:06

Health: -3/51      AC: 12    Str: 21    XL:     6   Next: 91%
Magic:  6/6        EV:  4    Int:  7    God:
Gold:   201        SH: 10    Dex: 15    Spells: 5/5 levels left

rFire   . . .        a - +0 war axe
rCold   . . .        k - +1 kite shield
rNeg    + . .        o - +0 plate armour
rPois   .            (helmet unavailable)
rElec   .            (no cloak)
rCorr   .            (no gloves)
SInv    +            h - +0 pair of boots
Will    +....        (no amulet) Stlth
                     j - ring of positive energy
HPRegen 0.28/turn    c - ring of willpower
MPRegen 0.10/turn

%: no passive effects
@: no status effects
A: permanent stasis, dig shafts and tunnels, antennae 3, four strong arms
a: Dig, Shaft Self


You were on level 5 of the Dungeon.
You visited 1 branch of the dungeon, and saw 4 of its levels.

You collected 201 gold pieces.

Inventory:

Hand Weapons
 a - a +0 war axe (weapon)
Armour
 h - a +0 pair of boots (worn)
 k - a +1 kite shield (worn)
 o - a +0 plate armour (worn)
Jewellery
 c - a ring of willpower (right hand)
 j - a ring of positive energy (left hand)
Scrolls
 g - 3 scrolls of fear {unknown}
 l - a scroll of butterflies {unknown}
 m - a scroll of noise {unknown}
 n - a scroll of identify
Potions
 d - a potion of might
 e - a potion of attraction
 f - a potion of invisibility {unknown}


   Skills:
 + Level 5.4 Fighting
 * Level 5.5 Axes
 - Level 3.2 Armour
 - Level 4.0 Shields


You had 5 spell levels left.
You didn't know any spells.
Your spell library contained the following spells:

 Spells                   Type           Power      Damage    Failure   Level
 Ensorcelled Hibernation  Hex/Ice        0%         N/A       100%        2
 Passwall                 Tmut/Erth      0%         N/A       100%        2
 Swiftness                Air            Unusable   N/A       N/A         3

Dungeon Overview and Level Annotations

Branches:
Dungeon (5/15)
 Temple: D:4-7

Altars:
Hepliaklqana


Innate Abilities, Weirdness & Mutations

You cannot be hasted, slowed, berserked, paralysed or teleported.
You can dig through walls and to a lower floor.
You have a pair of large antennae on your head. (SInv)
Your four strong arms can wield two-handed weapons with a shield.


Message History

Found a plate armour.
You sense a monster nearby.
You see here a +0 plate armour.
o - a +0 plate armour You start removing your armour.
You continue taking off your +0 scale mail. x4
You finish taking off your +0 scale mail.
You start putting on your armour.
You continue putting on your +0 plate armour. x5
You finish putting on your +0 plate armour.
You drop a +0 scale mail.
g - 3 scrolls labelled KUHETE DUNOVAS (gained 1)
An ogre comes into view. It is wielding a +0 giant spiked club.
The ogre shouts!
An ogre is nearby!
You hit the ogre.
The ogre is moderately wounded.
The ogre hits you with a +0 giant spiked club!
You barely miss the ogre.
The ogre is moderately wounded.
You block the ogre's attack.
You hit the ogre.
The ogre is heavily wounded.
You block the ogre's attack.
You barely miss the ogre.
The ogre is heavily wounded.
The ogre hits you with a +0 giant spiked club.
You hit the ogre.
The ogre is heavily wounded.
You block the ogre's attack.
You hit the ogre.
The ogre is severely wounded.
The ogre hits you with a +0 giant spiked club!!
Ouch! That really hurt!
* * * LOW HITPOINT WARNING * * *
You feel better.
You hit the ogre but do no damage.
The ogre is severely wounded.
The ogre hits you with a +0 giant spiked club!
You die...

#........#
#.^......#
.........#
..##.....##
## #......#
##.....##
#......#
##.....##
##..$@.#
#...O.#
##.....#
#.....#
##.....
#.....#
.......
#.......


You could see an ogre.

Vanquished Creatures
  A scorpion (D:5)
  A jelly (D:5)
  A hound (D:5)
  An iguana (D:5)
  An orc wizard (D:5)
  A sleepcap (D:5)
  Robin (D:2)
  4 gnolls (D:3)
  5 worms
  3 dart slugs
  7 orcs
  2 ball pythons (D:1)
  2 bats
  9 endoplasms
  A giant cockroach (D:1)
  15 goblins
  3 hobgoblins (D:2)
  2 jackals (D:1)
  6 kobolds
  3 quokkas
  4 frilled lizards
  8 rats
81 creatures vanquished.

Notes
Turn   | Place    | Note
-------+----------+-------------------------------------------
     0 | D:1      | lonewolfV2 the Formicid Fighter began the quest for the
                  | Orb.
     0 | D:1      | Reached XP level 1. HP: 18/18 MP: 1/1
   131 | D:1      | Reached XP level 2. HP: 12/24 MP: 2/2
   321 | D:1      | Found a faded altar of an unknown god.
   481 | D:1      | Reached XP level 3. HP: 30/30 MP: 3/3
   741 | D:2      | Found a hazy altar of Hepliaklqana.
   943 | D:2      | Noticed Robin
   947 | D:2      | Reached XP level 4. HP: 33/37 MP: 4/4
   977 | D:2      | Killed Robin
  1523 | D:3      | Reached XP level 5. HP: 42/43 MP: 5/5
  1698 | D:3      | You fall into a shaft and drop 2 floors!
  1698 | D:5      | Entered Level 5 of the Dungeon
  1821 | D:5      | Reached skill level 5 in Fighting
  1821 | D:5      | Reached XP level 6. HP: 19/51 MP: 6/6
  2128 | D:5      | Reached skill level 5 in Axes
  2550 | D:5      | Noticed an ogre
  2562 | D:5      | Slain by an ogre

Illustrated notes

Levels and vault maps discovered:
D:1:      ncdulo_lavacross, layout_rooms, basic_ecumenical_altar,
          minmay_quantized
D:2:      layout_rooms, basic_altar, uniq_robin
D:3:      layout_basic, nicolae_wu_jian_immortal_techniques, minitemple,
          grunt_decor_junction
D:5:      layout_cave_pods

Skill      XL: |  1  2  3  4  5  6 |
---------------+-------------------+-----
Fighting       | 4 5 |  5.4
Axes           | 3 4 5 |  5.5
Armour         | |  3.2
Shields        | |  4.0

Action                     |  1- 3 |  4- 6 || total
---------------------------+-------+-------++-------
  Melee: War axe           |   118 |   147 ||   265
    Use: Scroll            |     3 |     3 ||     6
         Potion            |       |     3 ||     3
 Armour: Scale mail        |    64 |    42 ||   106
  Dodge: Dodged            |    51 |    42 ||    93
  Block: Buckler           |    25 |       ||    25
         Kite shield       |    19 |    89 ||   108
